 Dungeon Crawl Stone Soup version 0.20-a0-433-g9e36e56 (webtiles) character file.

203 Gorice the Chucker (level 5, 0/42 HPs)
             Began as a Demonspawn Arcane Marksman on Jan 4, 2017.
             Slain by a worker ant (5 damage)
             ... on level 3 of the Dungeon.
             The game lasted 00:20:07 (2996 turns).

Gorice the Chucker (Demonspawn Arcane Marksman)     Turns: 2996, Time: 00:20:07

Health: 0/42       AC:  6    Str: 12    XL:     5   Next: 51%
Magic:  6/6        EV:  9    Int: 14    God:
Gold:   72         SH:  0    Dex: 15    Spells: 5/6 levels left

rFire  . . .     SeeInvis .     a - +0 spear
rCold  . . .     Gourm    .     m - +0 scale mail
rNeg   . . .     Faith    .     (no shield)
rPois  .         Spirit   .     (helmet restricted)
rElec  .         Reflect  .     (no cloak)
rCorr  .         Harm     .     (no gloves)
MR     .....                    (no boots)
Stlth  ..........               (no amulet)
                                r - +2 ring of dexterity
                                (no ring)

@: lethally poisoned (0 -> -7), about to teleport
A: antennae 2, demonic guardian 1
a: no special abilities


You were on level 3 of the Dungeon.
You were not hungry.

You visited 1 branch of the dungeon, and saw 5 of its levels.

You collected 72 gold pieces.

Inventory:

Hand Weapons
 a - a +0 spear (weapon)
 c - a +0 mace
 g - a +4 dagger
 l - a +0 hunting sling
 u - a +0 short sword
 y - a cursed -2 long sword
Missiles
 j - 4 javelins
 s - 5 tomahawks of returning
 t - 5 tomahawks (quivered)
 v - 24 sling bullets
 Z - 73 stones
Armour
 d - a +0 robe
 m - a +0 scale mail (worn)
 A - a +0 pair of gloves
Jewellery
 r - a +2 ring of dexterity (right hand)
 w - an uncursed ring of positive energy {unknown}
Scrolls
 e - a scroll of blinking {unknown}
Potions
 h - a potion of invisibility {unknown}
 k - 2 potions of curing
 o - a potion of heal wounds {unknown}
 p - a potion of might {!q}
 x - a potion of flight {unknown}
 B - a potion of berserk rage {unknown}
Books
 b - a book of Debilitation
Comestibles
 f - 3 bread rations {!e}
 i - a beef jerky
 n - 2 meat rations {!e}
 z - 6 chunks of flesh


   Skills:
 + Level 3.7 Fighting
 * Level 0.5 Long Blades
 + Level 3.9 Throwing
 - Level 1.7 Dodging
 - Level 1.0 Spellcasting
 - Level 3.0 Hexes


You had 5 spell levels left.
You knew the following spells:

 Your Spells              Type           Power        Failure   Level  Hunger
a - Corona                Hex            #......      47%         1    ##.....


Dungeon Overview and Level Annotations

Branches:
Dungeon (5/15)
 Temple: D:4-7

Altars:
Cheibriados
Vehumet

Annotations:
D:3 Grinder
D:4 Menkaure; Sigmund
D:5 UX: shafted, Gorice's ghost, novice KoSu


Innate Abilities, Weirdness & Mutations

You have a pair of antennae on your head.
A weak demonic guardian rushes to your aid.


Message History

The worker ant bites you but does no damage.
Your quasit bites the worker ant but does no damage.
Your quasit claws the worker ant but does no damage.
Your quasit misses the worker ant. The worker ant bites you.
* * * LOW HITPOINT WARNING * * *
Damage: 2 (max 15)
You hit the rat.
The rat is moderately wounded.
Your quasit disappears in a puff of smoke!
The worker ant closely misses you. The rat bites you but does no damage.
You hit the rat.
You kill the rat!
The frilled lizard barely misses you. The worker ant closely misses you.
Your white imp hits the frilled lizard.
The frilled lizard dies!
The orc priest hits your white imp but does no damage.
Your white imp gestures at the orc priest.
The puff of frost hits the orc priest.
The worker ant waves its antennae.
The worker ant bites you.
* * * LOW HITPOINT WARNING * * *
You see here a rat corpse.
Damage: 1 (max 15)
You feel better.
The orc priest hits your white imp with a short sword.
The worker ant bites you.
* * * LOW HITPOINT WARNING * * *
Your white imp hits the orc priest but does no damage.
The orc priest closely misses your white imp.
Your white imp closely misses the orc priest.
The orc priest hits your white imp with a dagger.
The orc priest hits your white imp with a short sword.
Your white imp gestures at the orc priest.
The puff of frost misses the orc priest.
The puff of frost hits Grinder.
Grinder resists.
You see here a bat corpse.
Okay, then.
Really read
q - a scroll of teleportation {!r}?
As you read the scroll of teleportation {!r}, it crumbles to dust.
You feel strangely unstable. The worker ant bites you.
* * * LOW HITPOINT WARNING * * *
You are poisoned.
The worker ant poisons you!
The orc priest calls down the wrath of Beogh upon you.
Beogh smites you!
* * * LOW HITPOINT WARNING * * *
The orc priest hits your white imp with a short sword.
Your white imp dies!
The worker ant bites you.
You die...

####.##................ .
.........#.##....#...# #
...............#.##..## #
####.....#.##.........#####
#...##.#.#.............## #.##
#...#..l....#....... ..
##..#.##.....)....#. ..######
#..####......#...## .....##
##@.w....>...##..#. ...$..##
#a..........##.... .......#
#†#.##.....#####.. .......#
##.#.####...## #.. .......#
#..†.# #..{.## #.. .......#
#...## ####..####.
.....5.########.oo#### ##{5#
..>...r.la.......5l..#######.###
.......########...##{..o..(#...##


You could see Grinder, a worm, a worker ant, 2 orc priests and a frilled lizard.

Vanquished Creatures
  An iguana (D:5)
  A worker ant (D:4)
  4 adders
  A gnoll (D:5)
  2 worms (D:2)
  A dart slug (D:4)
  An orc (D:3)
  4 giant cockroaches
  8 goblins
  4 hobgoblins
  4 jackals (D:4)
  7 kobolds
  2 quokkas
  5 bats
  3 frilled lizards
  A leopard gecko zombie (D:5)
  8 rats
57 creatures vanquished.

Vanquished Creatures (collateral kills)
  A scorpion (D:5)
  A worker ant (D:5)
  An orc (D:3)
  A bat (D:3)
  A frilled lizard (D:3)
5 creatures vanquished.

Grand Total: 62 creatures vanquished

Notes
Turn   | Place    | Note
-------+----------+-------------------------------------------
     0 | D:1      | Gorice the Demonspawn Arcane Marksman began the quest for the Orb.
     0 | D:1      | Reached XP level 1. HP: 15/15 MP: 2/2
    68 | D:1      | Reached skill level 2 in Throwing
   325 | D:1      | Gained mutation: You have a pair of small antennae on your head. [demonic ancestry]
   325 | D:1      | Reached XP level 2. HP: 21/21 MP: 3/3
   379 | D:1      | HP: 6/22 [hobgoblin/club (5)]
   985 | D:2      | Reached skill level 2 in Fighting
  1287 | D:2      | Reached XP level 3. HP: 23/27 MP: 4/4
  1481 | D:2      | Reached skill level 3 in Throwing
  1626 | D:2      | Found a snail-covered altar of Cheibriados.
  1635 | D:2      | Gained mutation: A weak demonic guardian rushes to your aid. [demonic ancestry]
  1635 | D:2      | Reached XP level 4. HP: 30/34 MP: 5/5
  1913 | D:3      | You fall through a shaft for 2 floors!
  1913 | D:5      | Entered Level 5 of the Dungeon
  1913 | D:5      | Noticed an ogre
  1929 | D:5      | Noticed Gorice's ghost (novice KoSu)
  1969 | D:5      | Reached skill level 3 in Fighting
  1981 | D:5      | Gained mutation: You have a pair of antennae on your head. [demonic ancestry]
  1981 | D:5      | Reached XP level 5. HP: 18/41 MP: 6/6
  2037 | D:5      | Found a radiant altar of Vehumet.
  2068 | D:4      | Noticed Sigmund
  2514 | D:4      | HP: 10/41 [worker ant (3)]
  2870 | D:4      | Noticed Menkaure
  2914 | D:4      | Noticed Grinder
  2983 | D:3      | HP: 11/42 [worker ant (4)]
  2988 | D:3      | HP: 9/42 [worker ant (2)]
  2996 | D:3      | HP: 5/42 [orc priest/divine providence (9)]
  2996 | D:3      | Slain by a worker ant

Vault maps used:
D:1:      minmay_arrival_five_plusses
D:2:      overflow_temple_1_default, serial_bayou_pond_a
D:3:      kennysheep_nub
D:4:      uniq_grinder, uniq_menkaure, uniq_sigmund
D:5:      basic_altar, first_bread, kennysheep_diamond

Skill      XL: |  1  2  3  4 |
---------------+-------------+-----
Throwing       | 2 3 |  3.9
Fighting       | 2 3 |  3.7
Long Blades    | |  0.5
Dodging        | |  1.7
Spellcasting   | |  1.0
Hexes          | |  3.0

Action                   |  1- 3 |  4- 6 || total
-------------------------+-------+-------++-------
Melee: Spear             |   143 |   111 ||   254
Throw: Tomahawk          |    19 |     6 ||    25
       Throwing net      |     2 |     2 ||     4
       Javelin           |     1 |     5 ||     6
  Use: Scroll            |     4 |     6 ||    10
       Potion            |       |     2 ||     2
 Stab: Distracted        |     1 |       ||     1
  Eat: Chunk             |     2 |     5 ||     7
Armor: Robe              |     6 |       ||     6
       Scale mail        |    41 |    60 ||   101
Dodge: Dodged            |    63 |    63 ||   126

Table legend:
 A = Turns spent in this place as a percentage of turns spent in the entire game.
 B = Non-inter-level travel turns spent in this place as a percentage of non-inter-level travel turns spent in the entire game.
 C = Inter-level travel turns spent in this place as a percentage of turns spent in this place.
 D = Turns resting spent in this place as a percentage of non-inter-level travel turns spent in this place.
 E = Turns spent auto-exploring this place as a percentage of non-inter-level travel turns spent in this place.
 F = Non-inter-level travel turns spent in this place divided by the number of levels of this place that you've seen.
                   A       B       C       D       E      F
               +-------+-------+-------+-------+-------+----------------------
         Total | 100.0 | 100.0 |   0.3 |   2.1 |   2.6 | 266.2
       Dungeon | 100.0 | 100.0 |   0.3 |   2.1 |   2.6 | 266.2
               +-------+-------+-------+-------+-------+----------------------

Vault maps used:
D:1:      minmay_arrival_five_plusses
D:2:      overflow_temple_1_default, serial_bayou_pond_a
D:3:      kennysheep_nub
D:4:      uniq_grinder, uniq_menkaure, uniq_sigmund
D:5:      basic_altar, first_bread, kennysheep_diamond
